 Dungeon Crawl Stone Soup version 0.21-a0-498-g1b60429 (webtiles) character file.

9 Goblin1989 the Sneak (level 2, 0/19 HPs)
             Began as a Human Enchanter on Nov 24, 2017.
             Slain by a jackal (2 damage)
             ... on level 1 of the Dungeon.
             The game lasted 00:02:11 (143 turns).

Goblin1989 the Sneak (Human Enchanter)               Turns: 143, Time: 00:02:12

Health: 0/19       AC:  2    Str:  8    XL:     2   Next: 20%
Magic:  2/5        EV: 12    Int: 15    God:
Gold:   51         SH:  0    Dex: 13    Spells: 4/5 levels left

rFire    . . .     SeeInvis .   a - +1 dagger
rCold    . . .     Gourm    .   (no shield)
rNeg     . . .     Faith    .   b - +0 robe
rPois    .         Spirit   .   (no helmet)
rElec    .         Reflect  .   (no cloak)
rCorr    .         Harm     .   (no gloves)
MR       .....                  (no boots)
Stlth    ++........             (no amulet)
HPRegen  0.06/turn              (no ring)
MPRegen  0.09/turn              (no ring)

@: very slightly contaminated
A: no striking features
a: no special abilities


You were on level 1 of the Dungeon.
You were not hungry.

You visited 1 branch of the dungeon, and saw 1 of its levels.

You collected 51 gold pieces.

Inventory:

Hand Weapons
 a - a +1 dagger (weapon)
Armour
 b - a +0 robe (worn)
Scrolls
 f - a scroll of identify {unknown}
Books
 c - a book of Maledictions

   Spells                             Type                      Level
   a - Corona                         Hexes                        1
   b - Ensorcelled Hibernation        Hexes/Ice                    2
   c - Confuse                        Hexes                        3
   d - Tukima's Dance                 Hexes                        3
   e - Dazzling Spray                 Conjuration/Hexes            3
Comestibles
 e - 2 bread rations {@e1}


   Skills:
 * Level 1.8 Short Blades
 - Level 2.0 Dodging
 + Level 3.2 Stealth
 - Level 2.0 Spellcasting
 - Level 3.0 Hexes


You had 4 spell levels left.
You knew the following spells:

 Your Spells              Type           Power        Failure   Level  Hunger
a - Corona                Hex            ##.....      6%          1    #......


Dungeon Overview and Level Annotations

Branches:
Dungeon (1/15)

Altars:


Message History

The giant cockroach is moderately wounded.
The giant cockroach bites you.
You take 1 damage, and have 11/19 hp.
You hit the giant cockroach.
The giant cockroach is heavily wounded.
The giant cockroach bites you.
You take 2 damage, and have 9/19 hp.
You barely miss the giant cockroach.
The giant cockroach is heavily wounded.
The giant cockroach bites you.
* * * LOW HITPOINT WARNING * * *
You take 1 damage, and have 8/19 hp.
You barely miss the giant cockroach.
The giant cockroach is heavily wounded.
The giant cockroach waves its antennae.
The giant cockroach closely misses you.
Unknown command.
You hit the giant cockroach but do no damage.
The giant cockroach is heavily wounded.
The giant cockroach bites you.
* * * LOW HITPOINT WARNING * * *
You take 2 damage, and have 6/19 hp.
You closely miss the giant cockroach.
The giant cockroach is heavily wounded.
The giant cockroach bites you but does no damage.
Casting: Corona
Confirm with . or Enter, or press ? or * to list all spells.
Aiming: Corona
Press: ? - help, Shift-Dir - straight line, f/p - giant cockroach
Aim: a giant cockroach (heavily wounded, clinging, chance to defeat MR: 63%)
The giant cockroach is outlined in light.
The giant cockroach bites you but does no damage.
The giant cockroach misses you.
You now have 2/5 mp.
You completely miss the giant cockroach.
The giant cockroach is heavily wounded.
The giant cockroach bites you but does no damage.
You completely miss the giant cockroach.
The giant cockroach is heavily wounded.
The giant cockroach closely misses you.
You hit the giant cockroach but do no damage.
The giant cockroach is moderately wounded.
The giant cockroach bites you.
* * * LOW HITPOINT WARNING * * *
You take 1 damage, and have 5/19 hp.
You hit the giant cockroach.
The giant cockroach is severely wounded.
The giant cockroach misses you.
You completely miss the giant cockroach.
The giant cockroach is severely wounded.
The giant cockroach closely misses you.
You hit the giant cockroach.
The giant cockroach is almost dead.
The giant cockroach closely misses you.
You hit the giant cockroach.
You kill the giant cockroach!
You see here a giant cockroach corpse.
You see here 11 gold pieces.
You now have 51 gold pieces (gained 11).
As you open the door, it creaks loudly!
A jackal comes into view.
You hear a bark!
A jackal comes into view.
The jackal bites you.
* * * LOW HITPOINT WARNING * * *
There is an open door here.
You take 2 damage, and have 4/19 hp.
Casting: Corona
Confirm with . or Enter, or press ? or * to list all spells.
Aiming: Corona
Press: ? - help, Shift-Dir - straight line, f - jackal
Aim: a jackal (chance to defeat MR: 63%)
You miscast Corona.
You are very lightly contaminated with residual magic.
Your hands glow momentarily.
The jackal completely misses you.
You now have 2/5 mp.
You hit the jackal but do no damage. The jackal bites you.
* * * LOW HITPOINT WARNING * * *
The jackal closely misses you.
You take 2 damage, and have 2/19 hp.
Casting: Corona
Confirm with . or Enter, or press ? or * to list all spells.
Aiming: Corona
Press: ? - help, Shift-Dir - straight line, f/p - jackal
Aim: a jackal (chance to defeat MR: 63%)
You miscast Corona.
Nothing appears to happen.
The jackal closely misses you.
You now have 1/5 mp.
You hit the jackal.
The jackal is severely wounded.
The jackal misses you.
You closely miss the jackal.
The jackal is severely wounded.
The jackal closely misses you. x2
You closely miss the jackal.
The jackal is severely wounded.
The jackal closely misses you.
You closely miss the jackal.
The jackal is severely wounded.
The jackal bites you.
You die... █████

█...█ █...█ █...█
█████████████†..████████
▲...........∆...@hh.....
████..(█████...████████
█████...█ █...█
...██...█


█████ █.██...█ ██..†...██ ............ †...██.█████ ███.██.█ You could see 2
jackals.

Vanquished Creatures
  A dart slug (D:1)
  A ball python (D:1)
  A bat (D:1)
  A giant cockroach (D:1)
  A goblin (D:1)
  A rat (D:1)
6 creatures vanquished.

Notes
Turn   | Place    | Note
-------+----------+-------------------------------------------
     0 | D:1      | Goblin1989 the Human Enchanter began the quest for the Orb.
     0 | D:1      | Reached XP level 1. HP: 13/13 MP: 3/3
     0 | D:1      | Goblin1989: !hs * huen -log
     0 | D:1      | beem: 3102. splash, XL27 HuEn, T:152071: http://crawl.develz.org/morgues/0.10/splash/morgue-splash-20120727-171546.txt
     0 | D:1      | Goblin1989: Turns: 152071
    87 | D:1      | Reached XP level 2. HP: 15/19 MP: 5/5
   143 | D:1      | Slain by a jackal

Vault maps used:
D:1:      scummos_arrival_simple_crosswalls

Action                   || total
-------------------------++-------
Melee: Dagger            ||    37
 Cast: Corona            ||     8
 Stab: Sleeping          ||     1
Armor: Robe              ||     8
Dodge: Dodged            ||    27

Table legend:
 A = Spawn XP
 B = Non-spawn XP
 C = Spawn XP percentage of total XP
 D = Spawn monster count
 E = Non-spawn monster count
 F = Spawn count percentage of total count
 G = Total turns spent on level
                    A         B        C        D         E        F      G
               +---------+---------+-------+---------+---------+-------+---------
         Total |       0 |      13 |   0.0 |       0 |       6 |   0.0 |   143
               +---------+---------+-------+---------+---------+-------+---------
           D:1 |       0 |      13 |   0.0 |       0 |       6 |   0.0 |   143
               +---------+---------+-------+---------+---------+-------+---------

Vault maps used:
D:1:      scummos_arrival_simple_crosswalls
